 Dungeon Crawl Stone Soup version 0.31.0-11-ge490571c62 (webtiles) character file.

Game seed: 10511288703860389769

48 qw the Shooter (level 3, -2/20 HPs)
             Began as a Deep Elf Hunter on Feb 4, 2024.
             Slain by a ribbon worm (6 damage)
             ... on level 2 of the Dungeon.
             The game lasted 00:00:03 (953 turns).

qw the Shooter (Deep Elf Hunter)                     Turns: 953, Time: 00:00:04

Health: -2/20      AC:  3    Str: 10    XL:     3   Next: 50%
Magic:  5/5        EV:  6    Int: 13    God:
Gold:   72         SH:  0    Dex: 18    Spells: 2/2 levels left

rFire   . . .        a - +0 shortbow
rCold   . . .        (shield currently unavailable)
rNeg    . . .        c - +0 leather armour
rPois   .            (no helmet)
rElec   .            (no cloak)
rCorr   .            (no gloves)
SInv    .            (no boots)
Will    .....        (no amulet)
Stlth   ++           (no ring)
HPRegen 0.23/turn    (no ring)
MPRegen 0.09/turn

%: no passive effects
@: held
A: no striking features
a: no special abilities


You were on level 2 of the Dungeon.
You visited 1 branch of the dungeon, and saw 2 of its levels.

You collected 72 gold pieces.


   Skills:
 - Level 1.5 Fighting
 + Level 7.0 Ranged Weapons
 - Level 2.4 Dodging
 - Level 1.2 Stealth


You had 2 spell levels left.
You didn't know any spells.
Your spell library was empty.

Inventory:

Hand Weapons
 a - a +0 shortbow (weapon)
Armour
 c - a +0 leather armour (worn)
Scrolls
 d - a scroll of identify
Potions
 b - a potion of brilliance {unknown}
 g - a potion of attraction {unknown}
 h - a potion of degeneration {unknown}

Dungeon Overview and Level Annotations

Branches:
Dungeon (2/15)

Altars:


Message History

You shoot an arrow. The arrow barely misses the kobold.
You shoot an arrow. The arrow hits the kobold.
You kill the kobold!
You shoot an arrow.
The arrow barely misses the frilled lizard.
You shoot an arrow. The arrow hits the frilled lizard.
You kill the frilled lizard!
You now have 72 gold pieces (gained 12).
An endoplasm comes into view.
You see here 9 gold pieces.
You shoot an arrow. The endoplasm quivers.
The arrow hits the endoplasm but does no damage.
A ribbon worm comes into view.
You shoot an arrow. The arrow hits the ribbon worm.
The ribbon worm is lightly wounded.
You shoot an arrow.
The arrow hits the ribbon worm but does no damage.
The ribbon worm is lightly wounded.
You shoot an arrow. The arrow hits the ribbon worm.
The ribbon worm is moderately wounded.
The ribbon worm expels a string of sticky webbing.
The stream of webbing hits you but does no damage.
You are caught in a web!
You struggle to detach yourself from the web.
An adder comes into view.
The endoplasm hits you.
The adder hisses angrily.
A goblin comes into view. It is wielding a +0 dagger.
The endoplasm completely misses you. The endoplasm freezes you.
You are frozen.
The ribbon worm bites you! The endoplasm barely misses you.
The ribbon worm bites you.
The endoplasm jiggles.
The endoplasm freezes you.
You are frozen.
The adder barely misses you.
The endoplasm hits you but does no damage.
The ribbon worm bites you.
You die...

#.#########......).....
#.# #<.......####.
#.########...)....# #.
#.#.....##...^....# #.
#.#.....##......### #.
####.#.....##......# #.
#..........##......# #.
#..........##......#
#......).@w##......#
####'#...JS......
#.#.....##....
#.....g.# ... ##......#
.. #..##.## . ##. #.#
## #.#


You could see a ribbon worm, an adder, an endoplasm and a goblin.

Vanquished Creatures
  An adder (D:2)
  A dart slug (D:2)
  A ribbon worm (D:2)
  4 ball pythons
  3 endoplasms (D:1)
  3 goblins
  3 hobgoblins
  A quokka (D:1)
  5 bats
  7 frilled lizards
  3 kobolds
  2 rats (D:1)
34 creatures vanquished.

Notes
Turn   | Place    | Note
-------+----------+-------------------------------------------
     0 | D:1      | qw the Deep Elf Hunter began the quest for the Orb.
     0 | D:1      | Reached XP level 1. HP: 12/12 MP: 3/3
     0 | D:1      | 0 ||| qw: Version: 0.3-a-160-g6735b56
     0 | D:1      | 0 ||| qw: Game counter: 5683
     0 | D:1      | 0 ||| qw: Melee chars always use a shield: true
     0 | D:1      | 0 ||| qw: God list: Okawaru
     0 | D:1      | 0 ||| qw: Allow faded altars: false
     0 | D:1      | 0 ||| qw: Do Orc after clearing Dungeon:15 true
     0 | D:1      | 0 ||| qw: Do second Lair branch before Depths: true
     0 | D:1      | 0 ||| qw: Lair rune preference: random
     0 | D:1      | 0 ||| qw: Goals: Normal
     0 | D:1      | 0 ||| PLANNING D:1-11
   191 | D:1      | Reached skill level 6 in Ranged Weapons
   191 | D:1      | Reached XP level 2. HP: 16/16 MP: 4/4
   692 | D:1      | 692 ||| READING scroll labelled SUFYISH WUXESS.
   692 | D:1      | 692 ||| IDENTIFYING metallic red potion
   693 | D:1      | 693 ||| READING scroll labelled CIDATS ATIQIT.
   694 | D:1      | 694 ||| READING scroll labelled QUAPOU OQUEQOLL.
   695 | D:1      | 695 ||| DROPPING scroll of butterflies.
   696 | D:1      | 696 ||| DROPPING potion of lignification.
   832 | D:2      | Reached XP level 3. HP: 20/20 MP: 5/5
   891 | D:2      | Reached skill level 7 in Ranged Weapons
   951 | D:2      | HP: 4/20 [ribbon worm (3)]
   953 | D:2      | Slain by a ribbon worm

Levels and vault maps discovered:
D:1:      amcnicky_arrival_feature_with_door, layout_basic,
          minmay_misc_feat_square, chequers_garden
D:2:      layout_basic

Skill      XL: |  1  2  3 |
---------------+----------+-----
Ranged Weapons | 6 7 |  7.0
Fighting       | |  1.5
Dodging        | |  2.4
Stealth        | |  1.2

Action                     || total
---------------------------++-------
   Fire: Shortbow          ||    96
    Use: Scroll            ||     3
 Armour: Leather armour    ||    14
  Dodge: Dodged            ||    17

Table legend:
 A = Non-vault XP
 B = Vault XP
 C = Vault XP percentage of total XP
 D = Non-vault monster count
 E = Vault monster count
 F = Vault count percentage of total count
                 A         B        C        D         E       F
            +---------+---------+-------+---------+---------+-------
      Total |      69 |       0 |   0.0 |      34 |       0 |   0.0
            +---------+---------+-------+---------+---------+-------
        D:1 |      32 |       0 |   0.0 |      21 |       0 |   0.0
        D:2 |      37 |       0 |   0.0 |      13 |       0 |   0.0
            +---------+---------+-------+---------+---------+-------
